 Dungeon Crawl Stone Soup version 0.25-a0-614-g73ad250637 (webtiles) character file.

Game seed: 4363438679329550990, levelgen mode: deterministic

11 ipx the Chopper (level 2, 26/26 HPs)
             Began as a Hill Orc Fighter on Mar 17, 2020.
             Got out of the dungeon alive.
             The game lasted 00:02:48 (385 turns).

ipx the Chopper (Hill Orc Fighter)                   Turns: 385, Time: 00:02:48

Health: 26/26      AC:  8    Str: 15    XL:     2   Next: 29%
Magic:  2/2        EV:  6    Int:  8    God:
Gold:   51         SH:  8    Dex: 10    Spells: 1/1 levels left

rFire    . . .     SeeInvis .   a - +0 war axe
rCold    . . .     Gourm    .   c - +0 kite shield
rNeg     . . .     Faith    .   b - +0 scale mail
rPois    .         Spirit   .   (no helmet)
rElec    .         Reflect  .   i - +0 cloak
rCorr    .         Harm     .   (no gloves)
MR       .....                  (no boots)
Stlth    ..........             (no amulet)
HPRegen  0.08/turn              j - -3 ring of strength (curse)
MPRegen  0.08/turn              (no ring)

@: no status effects
A: no striking features
a: no special abilities


You escaped.
You were not hungry.

You visited 1 branch of the dungeon, and saw 3 of its levels.

You collected 51 gold pieces.

Inventory:

Hand Weapons
 a - a +0 war axe (weapon)
Missiles
 g - 17 poisoned darts (quivered)
Armour
 b - a +0 scale mail (worn)
 c - a +0 kite shield (worn)
 i - a +0 cloak (worn)
Jewellery
 j - a cursed -3 ring of strength (left hand)
Potions
 d - a potion of might
 e - a potion of magic {unknown}
 h - a potion of flight {unknown}
Comestibles
 f - a ration


   Skills:
 - Level 3.6 Fighting
 + Level 3.9 Axes
 - Level 3.2 Armour
 - Level 3.2 Shields


You had one spell level left.
You didn't know any spells.
Your spell library was empty.

Dungeon Overview and Level Annotations

Branches:
Dungeon (3/15)

Altars:


Message History

(D) Dungeon
Where to? (? - help)
What level of the Dungeon? (default 1, ? - help)
You climb upwards.
There is a stone staircase leading down here.
There is a stone staircase leading up here.
You climb upwards.
There is a stone staircase leading down here.
Found a scale mail.
A rat comes into view.
The rat barely misses you.
Your shield and scale mail prevent you from hitting the rat.
The rat barely misses you. The rat bites you.
You slash the rat!
You kill the rat!
(D) Dungeon
Where to? (Enter - D:1 @ (x,y), ? - help)
There is a staircase leading out of the dungeon here.
Are you sure you want to leave the Dungeon?
This will make you lose the game!
You have escaped!

##.# ###.###.# .#
#.# # ...#
#....†..# .# ##^##
# #### #.##.##.##.#
##...## # # #
#....# ##.....## #
#
#....####.......###
#
#.....##...........
#
#.....##....(...###
# #
#...........†..## #
.# #.@......##.(.##
# #.#
#>....######.######
##.# ###
#..................
..###..
#####.######..#####
##.#.# ### ##.#
###.### ...
#.....#### ..##
#........# ..#
#.....#### #.#


There were no monsters in sight!

Vanquished Creatures
  A dart slug (D:1)
  2 leopard geckos (D:1)
  A kobold (D:1)
  A bat (D:1)
  2 frilled lizards (D:1)
  2 rats (D:1)
9 creatures vanquished.

Notes
Turn   | Place    | Note
-------+----------+-------------------------------------------
     0 | D:1      | ipx the Hill Orc Fighter began the quest for the Orb.
     0 | D:1      | Reached XP level 1. HP: 19/19 MP: 1/1
   113 | D:1      | Reached XP level 2. HP: 19/26 MP: 2/2
   385 | D:$      | Got out of the dungeon alive.

Levels and vault maps discovered:
D:1:      dpeg_arrival_connections, layout_loops_ring,
          minmay_misc_feat_enclosed, kennysheep_pointless_box
D:2:      layout_basic
D:3:      layout_loops_ring, wad_floor_pattern_1

Skill      XL: |  1 |
---------------+----+-----
Axes           | 3 |  3.9
Fighting       | |  3.6
Armour         | |  3.2
Shields        | |  3.2

Action                   || total
-------------------------++-------
Melee: War axe           ||    33
Armor: Scale mail        ||    12
Dodge: Dodged            ||    11
Block: Kite shield       ||    18

Table legend:
 A = Non-vault XP
 B = Vault XP
 C = Vault XP percentage of total XP
 D = Non-vault monster count
 E = Vault monster count
 F = Vault count percentage of total count
                 A         B        C        D         E       F
            +---------+---------+-------+---------+---------+-------
      Total |      17 |       0 |   0.0 |       9 |       0 |   0.0
            +---------+---------+-------+---------+---------+-------
        D:1 |      17 |       0 |   0.0 |       9 |       0 |   0.0
            +---------+---------+-------+---------+---------+-------
